Map: [ESL] Cosmic Sapphire

Players

Rattata - Winner!

  • Race: Zerg Zerg
  • Spawn Location: 11:00

PtitDrogo

  • Race: Protoss Protoss
  • Spawn Location: 5:00

Event: DreamHack SC2 Masters 2022 Atlanta (Online)

VOD

Have the link to the VOD?

Description

Time

  • Played on: Oct. 9, 2022, 12:12 p.m.
  • Length: 22:06

All games in this series

Show
View Real Time Build Order
Export as new Build Order

Rattata Zerg - Winner!

Build Orders: Hatch First 

Get SALT Encoding   

  12  0:00  Drone  
  13  0:12  Overlord  
  13  0:17  Drone  
  14  0:30  Drone x2  
  16  0:47  Hatchery  
  15  0:51  Drone  
  15  0:54  Drone  
  17  0:57  Drone  
  18  1:08  Extractor  
  17  1:13  Spawning Pool  
  17  1:15  Drone  
  17  1:19  Drone  
  18  1:27  Drone  
  19  1:38  Drone  
  20  1:49  Drone  
  21  1:59  Queen x2  
  21  2:00  Zergling x2, Overlord  
  26  2:11  Metabolic Boost, Drone  
  26  2:12  Drone  
  28  2:22  Drone x2  
  30  2:32  Hatchery  
  30  2:33  Drone  
  30  2:35  Drone  
  31  2:41  Queen  
  33  2:46  Overlord  
  33  2:49  Drone  
  34  2:55  Drone x2  
  36  3:03  Overlord  
  36  3:04  Queen  
  38  3:08  Drone  
  38  3:09  Drone x2  
  38  3:12  Zergling x2  
  42  3:16  Zergling x2  
  42  3:19  Zergling x2  
  44  3:26  Zergling x2  
  45  3:27  Spore Crawler  
  45  3:29  Queen  
  45  3:32  Zergling x2  
  47  3:36  Zergling x2  
  47  3:38  Overlord  
  48  3:45  Queen  
  50  3:51  Spore Crawler  
  50  3:52  Drone  
  50  3:58  Drone x8  
  58  4:06  Overlord  
  58  4:11  Spore Crawler  
  53  4:18  Overlord  
  53  4:20  Drone x7  
  55  4:26  Drone x2  
  57  4:34  Drone x3  
  60  4:40  Queen  
  60  4:41  Lair  
  60  4:45  Zergling x10  
  67  4:47  Evolution Chamber  
  66  4:55  Overlord  
  66  4:56  Roach Warren  
  66  4:58  Drone x2  
  67  5:00  Drone  
  67  5:03  Drone  
  67  5:04  Drone x2  
  67  5:06  Drone x2, Extractor  
  69  5:07  Extractor  
  69  5:10  Extractor  
  69  5:11  Extractor, Overlord  
  69  5:13  Drone x2, Zerg Missile Weapons Level 1  
  68  5:16  Extractor  
  68  5:17  Drone  
  68  5:18  Drone  
  69  5:22  Drone x2  
  69  5:24  Drone  
  70  5:28  Drone x3  
  70  5:33  Drone x3  
  75  5:36  Drone  
  75  5:41  Drone x2, Overlord  
  75  5:42  Drone  
  79  5:43  Spire  
  79  5:48  Drone x3  
  81  5:50  Glial Reconstitution  
  81  5:57  Hatchery  
  81  5:59  Overseer  
  81  6:01  Overlord  
  80  6:04  Roach x2  
  80  6:07  Overlord  
  84  6:12  Roach x3  
  84  6:13  Overlord  
  90  6:20  Overlord  
  90  6:23  Roach, Overlord  
  90  6:24  Roach x3  
  98  6:27  Overlord  
  98  6:28  Drone x2  
  98  6:29  Drone  
  101  6:35  Drone x2  
  101  6:36  Drone x2  
  101  6:37  Drone x2  
  101  6:39  Drone  
  108  6:49  Extractor  
  108  6:50  Drone x2  
  108  6:51  Drone x3  
  108  6:52  Spore Crawler, Extractor  
  109  6:58  Spore Crawler  
  109  7:00  Mutalisk x6, Overlord  
  120  7:06  Baneling Nest, Evolution Chamber  
  119  7:10  Roach x3  
  119  7:11  Roach  
  127  7:20  Zerg Melee Weapons Level 1  
  127  7:21  Drone x2  
  127  7:22  Overlord  
  129  7:26  Overlord  
  129  7:28  Roach  
  129  7:29  Roach x5  
  141  7:33  Zerg Missile Weapons Level 2  
  141  7:36  Overlord x2  
  141  7:40  Overlord  
  141  7:42  Zergling x12  
  147  7:46  Overlord  
  147  7:49  Centrifugal Hooks  
  147  7:52  Zergling x12  
  153  8:01  Ravager x4  
  153  8:02  Overlord  
  153  8:04  Zergling x12  
  161  8:09  Roach x6  
  161  8:11  Ravager x3  
  176  8:14  Overlord  
  176  8:17  Overseer  
  176  8:18  Overseer, Pneumatized Carapace  
  176  8:23  Zergling x14  
  183  8:35  Baneling x15, Spine Crawler  
  183  8:36  Zergling x8  
  186  8:43  Zergling x14  
  186  8:46  Baneling x8  
  186  8:47  Baneling  
  193  8:56  Overlord  
  193  9:00  Zergling x18  
  193  9:01  Baneling  
  193  9:02  Baneling x7  
  196  9:19  Zergling x16  
  189  9:28  Zergling x18  
  177  9:36  Zergling x6, Roach x3  
  177  9:38  Zergling x4, Roach  
  166  9:42  Zergling x4, Roach  
  166  9:43  Zergling x2, Roach  
  146  9:48  Hatchery  
  146  9:50  Overseer  
  143  9:59  Baneling x13  
  145  10:00  Roach x7  
  157  10:09  Ravager x3  
  157  10:10  Zergling x20  
  170  10:19  Zergling x18  
  176  10:23  Baneling x7  
  166  10:33  Zergling x4, Roach x3  
  147  10:37  Zergling x6, Roach x3  
  147  10:41  Zerg Melee Weapons Level 2  
  146  10:43  Zergling x2  
  146  10:44  Zergling x4, Roach x2  
  144  10:52  Overseer x2  
  144  10:55  Zergling x6, Roach x3  
  137  11:02  Zerg Ground Armor Level 1  
  137  11:03  Corruptor  
  136  11:04  Infestation Pit  
  136  11:08  Drone x3  
  136  11:09  Drone x4  
  142  11:19  Baneling x9  
  142  11:21  Corruptor x2  
  146  11:28  Drone  
  146  11:29  Overseer, Drone x2  
  146  11:31  Corruptor x2  
  153  11:37  Corruptor x2  
  141  11:48  Corruptor x2  
  141  11:50  Overlord  
  141  11:52  Zergling x20  
  153  11:55  Overlord  
  152  12:03  Hive  
  152  12:04  Spore Crawler  
  151  12:11  Zergling x12  
  157  12:16  Ravager  
  157  12:17  Ravager  
  157  12:18  Baneling, Ravager  
  157  12:19  Baneling x6  
  157  12:20  Hatchery  
  157  12:21  Zergling x2  
  157  12:22  Zergling x10  
  165  12:26  Spine Crawler  
  164  12:30  Zergling x6  
  164  12:31  Zergling x10  
  172  12:41  Zergling x20  
  172  12:43  Baneling x8  
  182  12:47  Overlord x2  
  182  12:49  Overlord  
  182  12:52  Baneling x8  
  182  12:57  Baneling x8  
  178  13:00  Zergling x8  
  177  13:07  Corruptor x3  
  154  13:14  Zergling x16  
  129  13:30  Zergling x36  
  135  13:40  Roach x7  
  147  13:43  Ravager x3  
  147  13:46  Roach x4  
  158  13:51  Roach x3  
  153  14:00  Zergling x2  
  153  14:01  Zergling x8, Roach x5  
  140  14:09  Zergling x10, Roach x3  
  143  14:16  Ravager  
  143  14:17  Ravager x4  
  142  14:18  Zergling x10  
  142  14:22  Zergling x6  
  149  14:28  Zergling x10  
  151  14:32  Zergling x2  
  151  14:33  Zergling x2  
  151  14:35  Zergling x2  
  151  14:36  Zergling x4  
  144  14:40  Zergling x8  
  144  14:44  Zergling x2  
  135  14:47  Adrenal Glands  
  135  14:49  Zergling x2  
  119  14:54  Zergling x6  
  117  15:01  Corruptor  
  119  15:08  Corruptor x2  
  119  15:12  Zerg Melee Weapons Level 3  
  122  15:24  Hatchery  
  121  15:30  Ravager x3  
  121  15:33  Roach  
  121  15:34  Roach x4  
  134  15:40  Overseer  
  133  15:45  Roach x5  
  142  15:51  Drone x2  
  144  15:57  Baneling x8  
  144  16:02  Zergling x2  
  144  16:03  Zergling x10  
  150  16:08  Drone x2  
  152  16:11  Overlord  
  152  16:13  Zergling x8  
  154  16:22  Overseer  
  154  16:23  Drone  
  154  16:27  Zergling x8  
  154  16:28  Zergling x4  
  158  16:34  Baneling x10  
  158  16:51  Hatchery  
  158  16:54  Zergling x12  
  163  16:59  Baneling x8  
  163  17:00  Ravager  
  164  17:04  Spore Crawler  
  160  17:12  Zergling x14  
  165  17:18  Zergling x10  
  165  17:20  Ravager x3  
  165  17:21  Ravager  
  174  17:32  Zergling x12  
  174  17:33  Zergling x6  
  174  17:36  Baneling  
  174  17:37  Baneling x5  
  182  17:38  Ravager x2  
  182  17:39  Ravager  
  182  17:49  Zergling x10  
  182  17:50  Zergling x4  
  126  18:07  Corruptor x3  
  126  18:17  Corruptor x2  
  127  18:20  Ravager x4  
  128  18:31  Zerg Flyer Weapons Level 1, Viper  
  128  18:33  Zergling x10  
  136  18:43  Drone  
  136  18:44  Drone x2  
  136  18:47  Corruptor x2  
  143  18:54  Zergling x10  
  147  18:58  Baneling x6  
  147  19:00  Baneling x3  
  147  19:01  Baneling x2  
  147  19:06  Ravager  
  148  19:10  Zergling x12  
  148  19:14  Zergling x6  
  154  19:17  Baneling x4  
  153  19:27  Zergling x2  
  153  19:28  Zergling x14  
  159  19:33  Baneling x7  
  160  19:38  Zergling x8  
  160  19:39  Extractor  
  160  19:40  Extractor  
  160  19:49  Zergling x16  
  158  20:01  Zergling x20  
  158  20:06  Baneling  
  158  20:07  Zergling x8, Baneling  
  172  20:15  Overseer  
  172  20:16  Zergling x14  
  179  20:21  Zergling x8  
  181  20:37  Zergling x14  
  188  20:49  Overlord  
  178  20:54  Roach x11  
  171  21:03  Zergling x14  
  172  21:08  Zergling x8  
  163  21:23  Baneling x9  
  155  21:34  Hatchery  
  155  21:37  Zergling x14  
Show
View Real Time Build Order
Export as new Build Order

PtitDrogo Protoss 

Build Orders: 1 Gate Expand, Oracle Opening 

Get SALT Encoding   

  12  0:00  Probe  
  13  0:12  Probe  
  14  0:20  Pylon  
  14  0:24  Probe  
  15  0:29  Assimilator  
  15  0:38  Probe (Chrono Boost)  
  16  0:43  Gateway  
  16  0:49  Probe (Chrono Boost)  
  17  0:54  Probe (Chrono Boost)  
  18  1:04  Probe  
  19  1:16  Probe  
  20  1:24  Nexus  
  20  1:34  Cybernetics Core  
  20  1:37  Probe  
  21  1:43  Assimilator  
  21  1:49  Probe  
  21  1:51  Pylon  
  23  2:01  Probe  
  23  2:11  Adept  
  23  2:13  Stargate  
  23  2:14  Probe (Chrono Boost)  
  26  2:19  Warp Gate  
  26  2:24  Probe (Chrono Boost)  
  27  2:31  Probe (Chrono Boost)  
  27  2:36  Probe (Chrono Boost)  
  29  2:41  Stalker  
  32  2:46  Probe x2 (Chrono Boost)  
  32  2:51  Probe (Chrono Boost)  
  33  2:53  Oracle (Chrono Boost), Probe  
  38  3:03  Probe  
  38  3:05  Probe  
  40  3:08  Gateway  
  40  3:12  Pylon  
  40  3:15  Probe  
  40  3:17  Probe  
  42  3:20  Oracle (Chrono Boost)  
  45  3:27  Probe  
  45  3:30  Probe  
  47  3:39  Probe  
  48  3:42  Nexus  
  48  3:44  Probe  
  49  3:50  Pylon  
  49  3:51  Probe  
  50  3:57  Probe  
  50  4:01  Assimilator  
  51  4:03  Probe, Assimilator  
  51  4:06  Oracle (Chrono Boost)  
  51  4:08  Adept  
  57  4:11  Zealot  
  59  4:19  Probe  
  59  4:20  Probe  
  58  4:30  Robotics Facility  
  59  4:31  Probe  
  59  4:32  Probe (Chrono Boost)  
  60  4:39  Twilight Council  
  60  4:40  Forge  
  60  4:43  Probe (Chrono Boost)  
  60  4:44  Probe (Chrono Boost)  
  62  4:50  Gateway x2  
  62  4:56  Probe (Chrono Boost)  
  62  4:57  Shield Battery, Probe x2 (Chrono Boost)  
  65  5:04  Protoss Ground Weapons Level 1  
  65  5:05  Probe (Chrono Boost)  
  65  5:06  Probe (Chrono Boost)  
  63  5:08  Probe (Chrono Boost)  
  63  5:11  Sentry  
  63  5:12  Sentry  
  63  5:13  Probe  
  69  5:14  Blink (Chrono Boost)  
  69  5:15  Probe, Pylon  
  69  5:18  Probe  
  71  5:25  Probe  
  71  5:27  Probe  
  72  5:30  Probe  
  72  5:31  Observer (Chrono Boost)  
  72  5:34  Pylon  
  74  5:35  Pylon  
  74  5:37  Probe  
  74  5:39  Probe  
  76  5:43  Probe  
  76  5:44  Pylon  
  76  5:48  Gateway  
  77  5:51  Gateway  
  77  5:52  Immortal  
  77  5:56  Probe x2  
  83  5:57  Assimilator  
  83  5:58  Assimilator  
  83  6:01  Robotics Bay, Probe  
  84  6:05  Gateway x2  
  84  6:12  Gateway  
  84  6:14  Gateway  
  84  6:15  Gateway  
  84  6:19  Photon Cannon  
  84  6:21  Probe  
  84  6:23  Probe  
  84  6:24  Dark Shrine, Probe  
  87  6:26  Stalker  
  87  6:32  Immortal (Chrono Boost)  
  93  6:33  Pylon  
  93  6:38  Stalker x2  
  96  6:44  Pylon  
  96  6:51  Pylon  
  96  6:55  Nexus  
  96  7:00  Stargate  
  96  7:02  Stargate  
  96  7:08  Disruptor (Chrono Boost), Pylon  
  96  7:10  Probe  
  96  7:12  Photon Cannon, Protoss Ground Weapons Level 2 (Chrono Boost)  
  96  7:13  Pylon  
  96  7:15  Zealot x3  
  106  7:22  Pylon  
  106  7:24  Probe  
  106  7:29  Phoenix (Chrono Boost)  
  109  7:31  Probe  
  109  7:35  Photon Cannon  
  110  7:42  Pylon  
  110  7:46  Phoenix (Chrono Boost)  
  110  7:49  Phoenix x2  
  115  7:53  Stalker x4  
  122  8:04  Zealot  
  122  8:05  Dark Templar  
  126  8:08  Probe  
  126  8:09  Phoenix, Probe  
  126  8:10  Shield Battery  
  126  8:12  Photon Cannon  
  130  8:21  Dark Templar, Probe x2  
  130  8:22  Dark Templar  
  130  8:23  Dark Templar  
  130  8:24  Dark Templar  
  130  8:25  Archon  
  138  8:28  Archon  
  138  8:38  Stalker x5  
  148  8:43  Observer (Chrono Boost)  
  148  8:47  Probe x2  
  150  8:49  Assimilator, Pylon  
  150  8:50  Assimilator  
  150  8:53  Pylon  
  150  8:56  Stalker x3  
  150  8:59  Photon Cannon  
  156  9:07  Gateway x2  
  156  9:09  Gateway  
  154  9:25  Stalker x4  
  154  9:27  Dark Templar x3  
  132  9:42  Stalker x3  
  121  9:47  Protoss Ground Weapons Level 3 (Chrono Boost)  
  121  9:49  Fleet Beacon  
  121  9:55  Disruptor (Chrono Boost)  
  124  10:00  Archon  
  124  10:19  Disruptor (Chrono Boost)  
  127  10:23  Zealot x6  
  127  10:24  Zealot x3  
  145  10:33  Stalker  
  98  10:44  Dark Templar x5  
  98  10:45  Dark Templar  
  87  10:56  Probe x4  
  89  10:59  Pylon  
  89  11:02  Archon  
  89  11:05  Shield Battery  
  89  11:06  Carrier (Chrono Boost), Archon  
  89  11:07  Photon Cannon  
  89  11:08  Probe x4  
  99  11:17  Shield Battery  
  99  11:20  Probe x4  
  99  11:23  Disruptor  
  106  11:31  Stalker x3  
  106  11:32  Probe  
  113  11:34  Zealot  
  115  11:42  Stalker x2  
  110  11:50  Pylon  
  110  11:53  Pylon  
  110  11:55  Pylon  
  110  12:00  Disruptor  
  119  12:12  Shield Battery  
  119  12:14  Photon Cannon  
  123  12:26  Dark Templar x5  
  123  12:27  Zealot x2, Dark Templar x2  
  123  12:28  Zealot  
  125  12:31  Charge (Chrono Boost), Archon x3  
  125  12:40  Photon Cannon  
  125  12:48  Stalker x3  
  131  13:00  Dark Templar x2  
  131  13:01  Stalker x4  
  143  13:09  Stalker  
  133  13:18  Archon  
  112  13:33  Nexus  
  109  13:40  Stalker x6  
  121  13:42  Stalker x3  
  110  14:05  Stalker x6  
  112  14:17  Zealot x3  
  114  14:31  Stalker x3  
  114  14:32  Stalker x3  
  120  14:43  Stalker x2  
  76  15:02  Zealot x6  
  76  15:06  Probe (Chrono Boost)  
  92  15:08  Probe (Chrono Boost)  
  92  15:09  Probe (Chrono Boost)  
  92  15:10  Probe (Chrono Boost)  
  92  15:15  Zealot  
  92  15:18  Templar Archives  
  92  15:20  Probe (Chrono Boost)  
  92  15:21  Probe x2 (Chrono Boost)  
  98  15:23  Probe (Chrono Boost)  
  98  15:27  Probe  
  99  15:30  Dark Templar  
  99  15:34  Dark Templar x2  
  105  15:39  Archon  
  105  15:43  Pylon  
  103  15:52  Gateway  
  103  15:53  Pylon  
  103  15:56  High Templar x5  
  103  15:57  High Templar  
  115  16:01  Archon x2  
  115  16:02  Archon  
  115  16:05  Photon Cannon  
  115  16:07  Shield Battery, Zealot x2  
  115  16:09  Zealot  
  121  16:13  Mothership (Chrono Boost)  
  127  16:33  High Templar x2  
  127  16:34  Zealot x4  
  127  16:38  Archon  
  139  16:50  Pylon  
  139  16:52  Nexus  
  139  16:55  Disruptor (Chrono Boost)  
  138  17:15  Photon Cannon  
  138  17:17  Photon Cannon  
  138  17:18  Shield Battery  
  138  17:20  Pylon  
  138  17:22  Disruptor (Chrono Boost)  
  138  17:28  Dark Templar  
  143  17:31  Zealot, High Templar x4  
  143  17:35  Archon x2  
  121  17:53  Stalker x3  
  100  18:12  Zealot x6  
  112  18:17  Nexus  
  112  18:18  Pylon  
  110  18:20  Disruptor (Chrono Boost)  
  110  18:25  Zealot x2  
  110  18:26  Zealot  
  119  18:31  High Templar  
  119  18:32  High Templar  
  119  18:33  High Templar x2  
  119  18:34  High Templar  
  129  18:38  Archon x2  
  129  18:39  Zealot, Dark Templar  
  133  18:42  Shield Battery  
  133  18:53  Archon  
  127  18:57  High Templar  
  127  18:58  Zealot x2  
  133  19:05  Archon  
  133  19:08  Zealot  
  133  19:09  Zealot x2, Pylon  
  139  19:12  Zealot  
  141  19:17  Shield Battery  
  141  19:21  Disruptor (Chrono Boost)  
  141  19:27  Zealot  
  138  19:35  Shield Battery  
  138  19:44  High Templar x2  
  138  19:45  Zealot x2  
  142  19:48  Archon  
  144  19:56  Carrier (Chrono Boost)  
  146  20:05  Assimilator  
  146  20:06  Shield Battery, Assimilator  
  142  20:08  Shield Battery  
  142  20:15  Carrier  
  142  20:20  Zealot  
  148  20:23  Zealot  
  150  20:41  Stalker x5  
  148  20:54  Zealot x3  
  148  20:55  Zealot x2  
  125  21:04  Zealot x3  
  110  21:11  Zealot x2  
  110  21:17  Dark Templar  
  97  21:22  Probe x3  
  97  21:23  Probe  
  100  21:38  Dark Templar x3  
  104  21:53  Zealot  
Tags
 
Add a new tag
Caveats
  • Supply blocks, unpowered buildings, or Contaminate may cause inaccurate times.
  • Supply counts are checked every 10 seconds.